 Dungeon Crawl Stone Soup version 0.30-a0-613-gdd512c7efb (webtiles) character file.

Game seed: 17307486596363646086

172 timneilson the Shield-Bearer (level 5, 0/33 HPs)
             Began as a Gargoyle Fighter on Jan 9, 2023.
             Killed by divine providence
             ... invoked by an orc priest
              (9 damage)
             ... on level 3 of the Dungeon.
             The game lasted 00:03:10 (1488 turns).

timneilson the Shield-Bearer (Gargoyle Fighter)     Turns: 1488, Time: 00:03:11

Health: 0/33       AC: 19    Str: 22    XL:     5   Next: 53%
Magic:  5/5        EV:  7    Int:  8    God:
Gold:   192        SH:  5    Dex:  9    Spells: 4/4 levels left

rFire   . . .      SeeInvis .    a - +0 long sword
rCold   . . .      Faith    .    c - +1 buckler
rNeg    + . .      Spirit   .    h - +0 storm dragon scales
rPois   ∞          Reflect  .    k - +1 helmet
rElec   +          Harm     .    (no cloak)
rCorr   .          Rampage  .    j - +0 pair of gloves
Will    .....                    (no boots) Stlth
                                 (no amulet)
HPRegen 0.25/turn                (no ring)
MPRegen 0.09/turn                (no ring)

@: no status effects
A: sickness immunity, AC +4, negative energy resistance 1, electricity
resistance, torment resistance 1, petrification resistance
a: no special abilities


You were on level 3 of the Dungeon.
You visited 1 branch of the dungeon, and saw 3 of its levels.

You collected 192 gold pieces.

Inventory:

Hand Weapons
 a - a +0 long sword (weapon)
Armour
 c - a +1 buckler (worn)
 h - +0 storm dragon scales (worn)
 j - a +0 pair of gloves (worn)
 k - a +1 helmet (worn)
Jewellery
 e - a ring of ice
Wands
 i - a wand of flame (14)
Scrolls
 f - 4 scrolls of identify
Potions
 b - a potion of heal wounds
 d - 3 potions of might
 g - 2 potions of curing
 l - a potion of resistance {unknown}
 m - a potion of mutation {unknown}


   Skills:
 + Level 3.8 Fighting
 * Level 2.9 Long Blades
 * Level 4.2 Armour
 + Level 1.1 Dodging
 * Level 4.3 Shields
 + Level 0.2 Evocations


You had 4 spell levels left.
You didn't know any spells.
Your spell library was empty.

Dungeon Overview and Level Annotations

Branches:
Dungeon (3/15)

Altars:

Annotations:
D:3 Terence


Innate Abilities, Weirdness & Mutations

You are immune to sickness and miasma.
Your stone body is resilient. (AC +4)
You are immune to poison.
You resist negative energy. (rN+)
You are resistant to electric shocks. (rElec)
You are resistant to unholy torment.
You are immune to petrification.


Message History

No target in view!
No target in view!
You see here an adder corpse.
An orc and an orc priest come into view.
The orc is wielding a +1 mace of protection.
The orc shouts!
The orc priest shouts!
You hear a shout!
You hit the orc but do no damage. The orc hits you but does no damage.
The orc barely misses you.
You hit the orc but do no damage.
The orc priest calls down the wrath of Beogh upon you.
Beogh smites you! The orc hits you but does no damage.
You hit the orc but do no damage.
The orc priest looks braver for a moment.
You block the orc's attack.
You hit the orc but do no damage.
Terence the Incautious comes into view.
He is wielding a +0 mace.
You block the orc's attack. The orc hits you but does no damage.
You hit the orc but do no damage. The orc hits you but does no damage.
The orc priest casts a cantrip, but nothing happens.
You barely miss the orc. You block the orc's attack.
You hit the orc.
The orc is heavily wounded.
The orc priest looks encouraged for a moment.
The orc hits you but does no damage.
You barely miss the orc.
The orc is heavily wounded.
You block the orc's attack.
Terence screams, "I'm going to kill you!"
The orc hits you but does no damage.
You barely miss the orc.
The orc is heavily wounded.
The orc priest calls down the wrath of Beogh upon you.
Beogh smites you!
* * * LOW HITPOINT WARNING * * *
The orc barely misses you.
You hit the orc.
You kill the orc!
The orc priest calls down the wrath of Beogh upon you.
Beogh smites you!
You die...

.. #.#.#### ##.###
##.#.#..
.....######..#....
.....+.......#.#.#
.....#...##..#.#.#
.†...#.......#.#.###.###
.....#.>....††..........
.....#...###.#.#.###.##
.....##.## #.#.#@#
.....##'## #.#.#)#
..#......# #.#.#o#
.........# #.#.#@#
.........# #.#.#..
#........# #.#.#.#
#..####### #.# #..# ...
†..#######.#.#


You could see Terence and an orc priest.

Vanquished Creatures
  Ijyb (D:3)
  Natasha (D:3)
  6 adders
  A worm (D:2)
  5 dart slugs
  An orc (D:3)
  4 bats
  2 endoplasms
  A giant cockroach (D:2)
  3 goblins
  9 hobgoblins
  5 quokkas
  4 ball pythons
  A frilled lizard (D:1)
  6 kobolds
  3 rats
53 creatures vanquished.

Notes
Turn   | Place    | Note
-------+----------+-------------------------------------------
     0 | D:1      | timneilson the Gargoyle Fighter began the quest for the
                  | Orb.
     0 | D:1      | Reached XP level 1. HP: 14/14 MP: 1/1
    77 | D:1      | Reached XP level 2. HP: 15/19 MP: 2/2
   283 | D:1      | Reached XP level 3. HP: 23/23 MP: 3/3
   768 | D:2      | Reached XP level 4. HP: 28/28 MP: 4/4
  1237 | D:3      | Noticed Ijyb
  1269 | D:3      | Killed Ijyb
  1270 | D:3      | Reached XP level 5. HP: 17/33 MP: 5/5
  1359 | D:3      | Noticed Natasha
  1399 | D:3      | Killed Natasha
  1400 | D:3      | Reached skill level 1 in Dodging
  1482 | D:3      | Noticed Terence
  1488 | D:3      | Killed from afar by an orc priest

Illustrated notes

Levels and vault maps discovered:
D:1:      wheals_arrival_shading, layout_rooms
D:2:      minmay_recursive_quarters, layout_basic
D:3:      layout_basic, serial_shops, shop_fountains, uniq_terence, uniq_ijyb,
          uniq_jessica, uniq_natasha

Skill      XL: |  1  2  3  4  5 |
---------------+----------------+-----
Long Blades    | 2 |  2.9
Shields        | 4 |  4.3
Armour         | 4 |  4.2
Dodging        | 1 |  1.1
Fighting       | |  3.8
Evocations     | |  0.2

Action                   |  1- 3 |  4- 6 || total
-------------------------+-------+-------++-------
Melee: Long sword        |   118 |   135 ||   253
  Use: Scroll            |     3 |     2 ||     5
Armor: Scale mail        |    49 |       ||    49
       Storm dragon scal |    29 |    91 ||   120
Dodge: Dodged            |    84 |    52 ||   136
Block: Buckler           |    37 |    39 ||    76

Table legend: (Time is in decaauts)
 A = Elapsed time spent in this place.
 B = Non-inter-level travel time spent in this place.
 C = Inter-level travel time spent in this place.
 D = Time resting spent in this place.
 E = Time spent auto-exploring this place.
 F = Levels seen in this place.
 G = Mean time per level.
                   A        B        C        D        E       F      G
               +--------+--------+--------+--------+--------+-----+--------+
         Total |   1587 |   1546 |     41 |      0 |    974 |   3 |  529.0 |
       Dungeon |   1587 |   1546 |     41 |      0 |    974 |   3 |  529.0 |
               +--------+--------+--------+--------+--------+-----+--------+

Top non-repeatable levels by time:
     D:2: 774 daAuts
     D:1: 505 daAuts
     D:3: 308 daAuts
